TOP OF THE 1ST |
University of North Carolina at Chapel Hill Tar Heels batting - Pitching for University of South Carolina Gamecocks : RHP Kiyoyuki Abe
|
Pitching: RHP Kiyoyuki Abe
|
|
Batting: RHB David McDonald
|
0-0: Ball 1-0: Ground out U3 (Groundball, 34, EV 84.4 MPH)
|
Batting: RHB Aaron Stout
|
0-0: Ball 1-0: Ball 2-0: Ball 3-0: Called Strike 3-1: Ground out 4-3 (Groundball, 34, EV 85.0 MPH)
|
Batting: LHB Jason Raker
|
0-0: Called Strike 0-1: Ground out 6-3 (Groundball, 6M, EV 91.9 MPH)
|
Top of the 1st over - 0 runs, 0 hits, 0 errors, 0 left on base; University of North Carolina at Chapel Hill 0 - University of South Carolina 0 |
BOTTOM OF THE 1ST |
University of South Carolina Gamecocks batting - Pitching for University of North Carolina at Chapel Hill Tar Heels : LHP Bahrom Mohammad
|
Pitching: LHP Bahrom Mohammad
|
|
Batting: RHB Kevin Popowicz
|
0-0: Called Strike 0-1: Foul Ball, location: 2F 0-2: Foul Ball, location: 2F 0-2: Foul Ball, location: 2F 0-2: Strikes out swinging, 2-3 out at first.
|
Batting: RHB Jake Geib
|
0-0: Called Strike 0-1: SINGLE (Groundball, 6MD, EV 101.9 MPH)
|
Batting: RHB Kevin Harris
|
0-0: Fly out, F9 (Line Drive, 9D, EV 89.4 MPH)
|
Batting: LHB Adam Hill
|
0-0: Fly out, F7 (Flyball, 78D, EV 102.5 MPH)
|
Bottom of the 1st over - 0 runs, 1 hit, 0 errors, 1 left on base; University of North Carolina at Chapel Hill 0 - University of South Carolina 0 |
TOP OF THE 2ND |
University of North Carolina at Chapel Hill Tar Heels batting - Pitching for University of South Carolina Gamecocks : RHP Kiyoyuki Abe
|
Batting: RHB Kazushige Hasegawa
|
0-0: Ball 1-0: Ball 2-0: Called Strike 2-1: Ball 3-1: Swinging Strike 3-2: Strikes out looking
|
Batting: RHB Sam Daw
|
0-0: Ball 1-0: Swinging Strike 1-1: Swinging Strike 1-2: Foul Ball, location: 2F 1-2: Ball 2-2: Foul Ball, location: 2F 2-2: Strikes out swinging
|
Batting: RHB Chris Skaff
|
0-0: Ball 1-0: Called Strike 1-1: Ball 2-1: Called Strike 2-2: Ground out 5-3 (Groundball, 5S, EV 88.1 MPH)
|
Top of the 2nd over - 0 runs, 0 hits, 0 errors, 0 left on base; University of North Carolina at Chapel Hill 0 - University of South Carolina 0 |
BOTTOM OF THE 2ND |
University of South Carolina Gamecocks batting - Pitching for University of North Carolina at Chapel Hill Tar Heels : LHP Bahrom Mohammad
|
Batting: RHB Tylor Cyr
|
0-0: Called Strike 0-1: Swinging Strike 0-2: Fly out, F7 (Flyball, 78M, EV 80.0 MPH)
|
Batting: RHB Dave Perron
|
0-0: Called Strike 0-1: Ball 1-1: Called Strike 1-2: Strikes out swinging
|
Batting: RHB Adam Bourg
|
0-0: Ball 1-0: SINGLE (Line Drive, 6MD, EV 93.8 MPH)
|
Batting: RHB Chris Arroyo
|
0-0: Swinging Strike 0-1: Ball 1-1: Ball 2-1: Fly out, F3 (Line Drive, 3, EV 68.1 MPH)
|
Bottom of the 2nd over - 0 runs, 1 hit, 0 errors, 1 left on base; University of North Carolina at Chapel Hill 0 - University of South Carolina 0 |
TOP OF THE 3RD |
University of North Carolina at Chapel Hill Tar Heels batting - Pitching for University of South Carolina Gamecocks : RHP Kiyoyuki Abe
|
Batting: RHB Jonathan Livingston
|
0-0: Swinging Strike 0-1: Ball 1-1: Ball 2-1: Ball 3-1: Foul Ball, location: 2F 3-2: Foul Ball, location: 2F 3-2: Strikes out swinging
|
Batting: RHB Travis Robinson
|
0-0: Ball 1-0: Swinging Strike 1-1: Ball 2-1: Ball 3-1: Base on Balls
|
Batting: RHB Norm Wood
|
0-0: Swinging Strike 0-1: Called Strike 0-2: Strikes out swinging
|
Batting: RHB David McDonald
|
0-0: Swinging Strike 0-1: Fly out, F8 (Line Drive, 8LD, EV 103.8 MPH)
|
Top of the 3rd over - 0 runs, 0 hits, 0 errors, 1 left on base; University of North Carolina at Chapel Hill 0 - University of South Carolina 0 |
BOTTOM OF THE 3RD |
University of South Carolina Gamecocks batting - Pitching for University of North Carolina at Chapel Hill Tar Heels : LHP Bahrom Mohammad
|
Batting: SHB Carlos Carrillo
|
0-0: Ball 1-0: Foul Ball, location: 2F 1-1: SINGLE (Line Drive, 34D, EV 100.0 MPH)
|
Batting: RHB Kevin Popowicz
|
0-0: Ball 1-0: Called Strike 1-1: DOUBLE (Groundball, 5L, EV 100.6 MPH) Carlos Carrillo to third
|
Batting: RHB Jake Geib
|
0-0: Called Strike 0-1: Foul Ball, location: 2F 0-2: Ball 1-2: Foul Ball, location: 2F 1-2: Foul Ball, location: 2F 1-2: Ball 2-2: Fly out, F7 (Flyball, 78S, EV 91.9 MPH)
|
Batting: RHB Kevin Harris
|
0-0: Foul Ball, location: 2F 0-1: Ball 1-1: Ball 2-1: Ball 3-1: Base on Balls
|
Batting: LHB Adam Hill
|
0-0: Called Strike 0-1: Ball 1-1: Ball 2-1: SINGLE (Line Drive, 6M, EV 108.8 MPH) Carlos Carrillo scores Kevin Popowicz to third Kevin Harris to second
|
Batting: RHB Tylor Cyr
|
0-0: Called Strike 0-1: Ball 1-1: Ball 2-1: Ball 3-1: Grounds into double play, 5-4-3 (Groundball, 56, EV 85.6 MPH)
|
Bottom of the 3rd over - 1 run, 3 hits, 0 errors, 2 left on base; University of North Carolina at Chapel Hill 0 - University of South Carolina 1 |
TOP OF THE 4TH |
University of North Carolina at Chapel Hill Tar Heels batting - Pitching for University of South Carolina Gamecocks : RHP Kiyoyuki Abe
|
Batting: RHB Aaron Stout
|
0-0: Fly out, F8 (Flyball, 8RM, EV 95.0 MPH)
|
Batting: LHB Jason Raker
|
0-0: Ball 1-0: Called Strike 1-1: Called Strike 1-2: Ball 2-2: SINGLE (Line Drive, 8RM, EV 98.1 MPH)
|
Batting: RHB Kazushige Hasegawa
|
0-0: Ball 1-0: Fly out, F8 (Flyball, 8RD, EV 83.1 MPH)
|
Batting: RHB Sam Daw
|
Pickoff Throw to First - Error! E1 Jason Raker to second 0-0: Called Strike 0-1: Foul Ball, location: 2F 0-2: Ground out 5-3 (Groundball, 5S, EV 83.1 MPH)
|
Top of the 4th over - 0 runs, 1 hit, 1 error, 1 left on base; University of North Carolina at Chapel Hill 0 - University of South Carolina 1 |
BOTTOM OF THE 4TH |
University of South Carolina Gamecocks batting - Pitching for University of North Carolina at Chapel Hill Tar Heels : LHP Bahrom Mohammad
|
Batting: RHB Dave Perron
|
0-0: Ground out 1-3 (Groundball, 13, EV 66.9 MPH)
|
Batting: RHB Adam Bourg
|
0-0: Foul Ball, location: 2F 0-1: Foul Ball, location: 2F 0-2: Strikes out swinging
|
Batting: RHB Chris Arroyo
|
0-0: Ball 1-0: Called Strike 1-1: Ground out 6-3 (Groundball, 56, EV 86.9 MPH)
|
Bottom of the 4th over - 0 runs, 0 hits, 0 errors, 0 left on base; University of North Carolina at Chapel Hill 0 - University of South Carolina 1 |
TOP OF THE 5TH |
University of North Carolina at Chapel Hill Tar Heels batting - Pitching for University of South Carolina Gamecocks : RHP Kiyoyuki Abe
|
Batting: RHB Chris Skaff
|
0-0: Ground out 6-3 (Groundball, P, EV 83.8 MPH)
|
Batting: RHB Jonathan Livingston
|
0-0: Swinging Strike 0-1: DOUBLE (Line Drive, 9LM, EV 108.1 MPH)
|
Batting: RHB Travis Robinson
|
0-0: Called Strike 0-1: Ball 1-1: Fly out, F2 (Popup, 23F, EV 77.5 MPH)
|
Batting: RHB Norm Wood
|
0-0: Ball 1-0: Swinging Strike 1-1: Foul Ball, location: 2F 1-2: Ball 2-2: Ball 3-2: Ground out 5-3 (Groundball, 56, EV 83.8 MPH)
|
Top of the 5th over - 0 runs, 1 hit, 0 errors, 1 left on base; University of North Carolina at Chapel Hill 0 - University of South Carolina 1 |
BOTTOM OF THE 5TH |
University of South Carolina Gamecocks batting - Pitching for University of North Carolina at Chapel Hill Tar Heels : LHP Bahrom Mohammad
|
Batting: SHB Carlos Carrillo
|
0-0: Fly out, F6 (Popup, 6MS, EV 75.0 MPH)
|
Batting: RHB Kevin Popowicz
|
0-0: Ball 1-0: Swinging Strike 1-1: Swinging Strike 1-2: Ball 2-2: Foul Ball, location: 2F 2-2: Ball 3-2: Foul Ball, location: 2F 3-2: Foul Ball, location: 2F 3-2: Base on Balls
|
Batting: RHB Jake Geib
|
0-0: Ball 1-0: Ball 2-0: Foul Ball, location: 2F 2-1: Foul Ball, location: 2F 2-2: Foul Ball, location: 2F 2-2: Foul Ball, location: 2F 2-2: Ball Wild Pitch! Kevin Popowicz to second 3-2: Foul Ball, location: 2F 3-2: 2-RUN HOME RUN (Line Drive, 78XD, EV 116.2 MPH), Distance : 433 ft
|
Pitching: RHP Nate Vandergriff
|
|
Batting: RHB Kevin Harris
|
0-0: Ball 1-0: Called Strike 1-1: Foul Ball, location: 2F 1-2: Ball 2-2: Ball 3-2: Foul Ball, location: 2F 3-2: Ground out 6-3 (Groundball, 6, EV 92.5 MPH)
|
Batting: LHB Adam Hill
|
0-0: Called Strike 0-1: Ball 1-1: Ball 2-1: Foul Ball, location: 2F 2-2: Fly out, F3 (Flyball, 3D, EV 81.2 MPH)
|
Bottom of the 5th over - 2 runs, 1 hit, 0 errors, 0 left on base; University of North Carolina at Chapel Hill 0 - University of South Carolina 3 |
TOP OF THE 6TH |
University of North Carolina at Chapel Hill Tar Heels batting - Pitching for University of South Carolina Gamecocks : RHP Kiyoyuki Abe
|
Batting: RHB David McDonald
|
0-0: Ball 1-0: Called Strike 1-1: Ball 2-1: Ground out 6-3 (Groundball, 6, EV 85.6 MPH)
|
Batting: RHB Aaron Stout
|
0-0: Ball 1-0: Ball 2-0: Ball 3-0: Called Strike 3-1: Foul Ball, location: 2F 3-2: Foul Ball, location: 2F 3-2: Ground out U3 (Groundball, 3, EV 87.5 MPH)
|
Batting: LHB Jason Raker
|
0-0: SINGLE (Line Drive, 6MD, EV 97.5 MPH)
|
Pitching: RHP Rob Fisher
|
|
Batting: RHB Kazushige Hasegawa
|
0-0: Fly out, F9 (Flyball, 9S, EV 85.6 MPH)
|
Top of the 6th over - 0 runs, 1 hit, 0 errors, 1 left on base; University of North Carolina at Chapel Hill 0 - University of South Carolina 3 |
BOTTOM OF THE 6TH |
University of South Carolina Gamecocks batting - Pitching for University of North Carolina at Chapel Hill Tar Heels : RHP Nate Vandergriff
|
Batting: RHB Tylor Cyr
|
0-0: Foul Ball, location: 2F 0-1: Ground out 2-3 (Groundball, 15S, EV 70.0 MPH)
|
Batting: RHB Dave Perron
|
0-0: Ball 1-0: Swinging Strike 1-1: Foul Ball, location: 2F 1-2: Foul Ball, location: 2F 1-2: Foul Ball, location: 2F 1-2: Foul Ball, location: 2F 1-2: Ball 2-2: Foul Ball, location: 2F 2-2: Foul Ball, location: 2F 2-2: Strikes out swinging
|
Batting: RHB Adam Bourg
|
0-0: Ball 1-0: Ball 2-0: Ground out 4-3 (Groundball, 4, EV 87.5 MPH)
|
Bottom of the 6th over - 0 runs, 0 hits, 0 errors, 0 left on base; University of North Carolina at Chapel Hill 0 - University of South Carolina 3 |
TOP OF THE 7TH |
University of North Carolina at Chapel Hill Tar Heels batting - Pitching for University of South Carolina Gamecocks : RHP Rob Fisher
|
Batting: RHB Sam Daw
|
0-0: Ball 1-0: Called Strike 1-1: Fly out, F9 (Line Drive, 9, EV 104.4 MPH)
|
Batting: RHB Chris Skaff
|
0-0: Called Strike 0-1: Foul Ball, location: 2F 0-2: Ball 1-2: Ground out 4-3 (Groundball, 4, EV 102.5 MPH)
|
Batting: RHB Jonathan Livingston
|
0-0: Swinging Strike 0-1: Ball 1-1: Ball 2-1: Ball 3-1: Base on Balls
|
Batting: RHB Travis Robinson
|
0-0: Ball 1-0: Ball 2-0: Ball 3-0: Base on Balls Jonathan Livingston to second
|
Batting: RHB Norm Wood
|
0-0: Ball 1-0: Foul Ball, location: 2F 1-1: Fly out, F7 (Flyball, 78M, EV 88.1 MPH)
|
Top of the 7th over - 0 runs, 0 hits, 0 errors, 2 left on base; University of North Carolina at Chapel Hill 0 - University of South Carolina 3 |
BOTTOM OF THE 7TH |
University of South Carolina Gamecocks batting - Pitching for University of North Carolina at Chapel Hill Tar Heels : RHP Nate Vandergriff
|
Batting: RHB Chris Arroyo
|
0-0: Foul Ball, location: 2F 0-1: Fly out, F9 (Flyball, 9LD, EV 91.2 MPH)
|
Batting: SHB Carlos Carrillo
|
0-0: Ball 1-0: Ball 2-0: Ball 3-0: Called Strike 3-1: SINGLE (Groundball, 34D, EV 105.0 MPH)
|
Batting: RHB Kevin Popowicz
|
0-0: Ball 1-0: Called Strike 1-1: Foul Ball, location: 2F 1-2: Strikes out looking
|
Batting: RHB Jake Geib
|
0-0: Ball 1-0: Ball 2-0: Called Strike 2-1: Ball 3-1: Foul Ball, location: 2F 3-2: Foul Ball, location: 2F 3-2: Base on Balls Carlos Carrillo to second
|
Pitching: RHP Josh Howell
|
|
Batting: RHB Kevin Harris
|
0-0: Ball 1-0: SINGLE (Line Drive, 8LS, EV 107.5 MPH) Carlos Carrillo to third Jake Geib to second Runner from 3rd tries for Home, SAFE, throw by CF to home
|
Batting: LHB Adam Hill
|
0-0: Ball 1-0: Swinging Strike 1-1: Called Strike 1-2: Foul Ball, location: 2F 1-2: Foul Ball, location: 2F 1-2: Fielders Choice at 2nd, 6-4 (Groundball, 56D, EV 86.9 MPH)
|
Bottom of the 7th over - 1 run, 2 hits, 0 errors, 2 left on base; University of North Carolina at Chapel Hill 0 - University of South Carolina 4 |
TOP OF THE 8TH |
University of North Carolina at Chapel Hill Tar Heels batting - Pitching for University of South Carolina Gamecocks : RHP Rob Fisher
|
Batting: RHB David McDonald
|
0-0: Called Strike 0-1: Ball 1-1: Foul Ball, location: 2F 1-2: Foul Ball, location: 2F 1-2: Ground out 5-3 (Groundball, 56S, EV 90.6 MPH)
|
Batting: RHB Aaron Stout
|
0-0: Called Strike 0-1: Ground out 4-3 (Groundball, 4, EV 90.6 MPH)
|
Batting: LHB Jason Raker
|
0-0: Called Strike 0-1: Ball 1-1: Ball 2-1: Fly out, F8 (Line Drive, 8LD, EV 93.1 MPH)
|
Top of the 8th over - 0 runs, 0 hits, 0 errors, 0 left on base; University of North Carolina at Chapel Hill 0 - University of South Carolina 4 |
BOTTOM OF THE 8TH |
University of South Carolina Gamecocks batting - Pitching for University of North Carolina at Chapel Hill Tar Heels : RHP Josh Howell
|
Batting: RHB Tylor Cyr
|
0-0: Foul Ball, location: 2F 0-1: Foul Ball, location: 2F 0-2: Ball 1-2: Hit by Pitch
|
Batting: RHB Dave Perron
|
0-0: Ball 1-0: Ball 2-0: Ball 3-0: Called Strike 3-1: Bunted foul 3-2: Fly out, F3 (Popup, 23F, EV 41.9 MPH)
|
Batting: RHB Adam Bourg
|
0-0: Swinging Strike Tylor Cyr steals 2nd base 0-1: Foul Ball, location: 2F 0-2: Fly out, F1 (Line Drive, P, EV 73.1 MPH)
|
Batting: RHB Chris Arroyo
|
0-0: Called Strike 0-1: Ball 1-1: SINGLE (Line Drive, 56D, EV 95.0 MPH) Tylor Cyr to third Runner from 3rd tries for Home, SAFE, throw by LF to home
|
Batting: SHB Carlos Carrillo
|
0-0: Ball 1-0: Fly out, F8 (Line Drive, 8LM, EV 93.8 MPH)
|
Bottom of the 8th over - 1 run, 1 hit, 0 errors, 1 left on base; University of North Carolina at Chapel Hill 0 - University of South Carolina 5 |
TOP OF THE 9TH |
University of North Carolina at Chapel Hill Tar Heels batting - Pitching for University of South Carolina Gamecocks : RHP Rob Fisher
|
Batting: RHB Kazushige Hasegawa
|
0-0: Ball 1-0: Foul Ball, location: 2F 1-1: Called Strike 1-2: Fly out, F9 (Flyball, 9LM, EV 98.8 MPH)
|
Batting: RHB Sam Daw
|
0-0: Ball 1-0: Ball 2-0: Swinging Strike 2-1: Ball 3-1: Called Strike 3-2: Base on Balls
|
Pitching: RHP Efrain Diaz
|
|
Batting: RHB Chris Skaff
|
0-0: Ball 1-0: Called Strike 1-1: Called Strike 1-2: Foul Ball, location: 2F 1-2: Strikes out swinging
|
Batting: RHB Jonathan Livingston
|
0-0: Ball 1-0: Ball 2-0: Ball 3-0: Called Strike 3-1: Called Strike 3-2: Foul Ball, location: 2F 3-2: Base on Balls Sam Daw to second
|
Batting: RHB Travis Robinson
|
0-0: Ball 1-0: Ball 2-0: Foul Ball, location: 2F 2-1: Ball 3-1: Base on Balls Sam Daw to third Jonathan Livingston to second
|
Pinch Hitting: LHB Edgar Ortiz
|
0-0: Fly out, F7 (Line Drive, 7D, EV 97.5 MPH)
|
Top of the 9th over - 0 runs, 0 hits, 0 errors, 3 left on base; University of North Carolina at Chapel Hill 0 - University of South Carolina 5 |
|